 Dungeon Crawl Stone Soup version 0.28.0-47-ge53b351184 (webtiles) character file.

Game seed: 2325654494748259905

970 Peloso the Slasher (level 7, 0/93 HPs)
             Began as a Minotaur Fighter on Apr 29, 2022.
             Slain by an orc warrior
             ... wielding a +0 scimitar
              (2 damage)
             ... on level 4 of the Dungeon.
             The game lasted 00:08:04 (5444 turns).

Peloso the Slasher (Minotaur Fighter)               Turns: 5444, Time: 00:08:04

Health: 0/93       AC: 23    Str: 20    XL:     7   Next: 94%
Magic:  0/6        EV:  2    Int:  5    God:
Gold:   213        SH:  7    Dex: 12    Spells: 6/6 levels left

rFire   . . .      SeeInvis .   a - +0 long sword
rCold   . . .      Faith    .   e - +2 buckler
rNeg    . . .      Spirit   +   (armour currently unavailable)
rPois   +          Reflect  .   (helmet currently unavailable)
rElec   .          Harm     .   (cloak currently unavailable)
rCorr   .          Rampage  .   (gloves currently unavailable)
Will    +....      NoTele   +   (boots currently unavailable)
Stlth   +.........              h - amulet of guardian spirit
HPRegen 0.25/turn               g - ring of willpower
MPRegen 0.10/turn               (no ring)

@: mighty, tree-form
A: stationary, stasis, torment immunity, boosted hp, (horns 2), (retaliatory
headbutt)
a: no special abilities


You were on level 4 of the Dungeon.
You were a tree.
You visited 2 branches of the dungeon, and saw 6 of its levels.

You collected 213 gold pieces.

Inventory:

Hand Weapons
 a - a +0 long sword (weapon)
Armour
 b - a +0 scale mail
 c - a +0 buckler
 e - a +2 buckler (worn)
 f - a +0 chain mail of cold resistance (melded)
 s - a +0 pair of gloves (melded)
Jewellery
 g - a ring of willpower (left branch)
 h - an amulet of guardian spirit (around neck)
Scrolls
 j - 2 scrolls of teleportation
 m - a scroll of fog {unknown}
 q - a scroll of identify {unknown}
 r - a scroll of fear {unknown}
 t - a scroll of summoning {unknown}
 u - a scroll of immolation {unknown}
Potions
 i - a potion of heal wounds {unknown}
 k - a potion of brilliance {unknown}
 l - a potion of curing {unknown}
 n - a potion of ambrosia {unknown}
 o - a potion of mutation {unknown}
 p - a potion of lignification


   Skills:
 + Level 5.9 Fighting
 + Level 7.1 Long Blades
 + Level 6.8 Armour
 + Level 1.4 Dodging
 + Level 0.3 Stealth
 + Level 5.2 Shields


You had 6 spell levels left.
You didn't know any spells.
Your spell library contained the following spells:

 Spells                   Type           Power      Damage    Failure   Level
 Animate Skeleton         Necr           0%         N/A       56%         1
 Pain                     Necr           0%         1d4       56%         1
 Frozen Ramparts          Ice            0%         1d2       90%         3
 Vampiric Draining        Necr           0%         2d6       90%         3
 Ice Form                 Ice/Tmut       0%         N/A       100%        4
 Summon Ice Beast         Ice/Summ       0%         N/A       100%        4


Dungeon Overview and Level Annotations

Branches:
Dungeon (5/15)             Temple (1/1) D:4

Altars:
Ashenzari
Cheibriados
Dithmenos
Fedhas
Hepliaklqana
Kikubaaqudgha
Nemelex Xobeh
Qazlal
Vehumet
Wu Jian
Xom
The Shining One

Shops:
D:5 (

Annotations:
D:3 1 runed translucent door
D:4 dig
D:5 Duvessa


Innate Abilities, Weirdness & Mutations

You are a tree.
Your roots penetrate the ground, keeping you stationary.
You cannot be teleported.
You are immune to unholy pain and torment.
Your maximum health is greatly increased.
Your equipment is partially melded.
((You have a pair of horns on your head.))
((You reflexively headbutt those who attack you in melee.))


Message History

You closely miss the orc warrior.
The orc warrior is lightly wounded.
The orc warrior hits you with a +0 scimitar!
* * * LOW HITPOINT WARNING * * *
It was a potion of lignification.
You turn into a tree.
Your +0 pair of gloves melds into your body.
Your +0 chain mail of cold resistance melds into your body.
You feel less resistant to cold.
Your roots penetrate the ground.
The orc warrior hits you but does no damage.
You feel very mighty all of a sudden.
The orc warrior hits you with a +0 scimitar!
* * * LOW HITPOINT WARNING * * *
You slash the orc warrior!
The orc warrior is moderately wounded.
You block the orc warrior's attack.
You closely miss the orc warrior.
The orc warrior is moderately wounded.
The orc warrior hits you but does no damage.
You closely miss the orc warrior.
The orc warrior is moderately wounded.
You block the orc warrior's attack.
You hit the orc warrior but do no damage.
The orc warrior is moderately wounded.
The orc warrior hits you with a +0 scimitar.
* * * LOW HITPOINT WARNING * * *
You hit the orc warrior.
The orc warrior is heavily wounded.
The orc warrior hits you with a +0 scimitar.
* * * LOW HITPOINT WARNING * * *
You barely miss the orc warrior.
The orc warrior is heavily wounded.
The orc warrior hits you but does no damage.
You slash the orc warrior!
The orc warrior is almost dead.
The orc warrior hits you with a +0 scimitar!
* * * LOW HITPOINT WARNING * * *
You hit the orc warrior but do no damage.
The orc warrior is almost dead.
The orc warrior hits you with a +0 scimitar.
You die...

####### #.....#
#####.....####
#............#
#.###.....##.#
#.#........#.#
#.#.###....#.#
##########.#<.......#.#
....[..)....)...♣...#.#
##########.#.#.o....#.#
#........#.#.#......#.#
#.######.#..........#.#
#......#.#.#....##'##.#
######.#.########P.P###
##.............#P...P#
.##..#.#.......#P.>.P#
.......#.#######P...P#


You could see an orc warrior.

Vanquished Creatures
  A black bear (D:5)
  A sky beast (D:5)
  3 ogres
  Dowan (D:5)
  A bullfrog zombie (D:5)
  A hound (D:5)
  A gnoll shaman (D:4)
  2 jellies
  A human zombie (D:3)
  An orc wizard (D:5)
  A hound zombie (D:5)
  6 adders
  8 gnolls
  A white imp (D:4)
  An adder skeleton (D:4)
  6 worms
  4 dart slugs
  4 orcs
  9 ball pythons
  5 bats
  7 endoplasms
  5 giant cockroaches
  6 goblins
  10 hobgoblins
  5 jackals
  8 kobolds
  6 quokkas
  4 frilled lizards
  A goblin zombie (D:3)
  A jackal zombie (D:3)
  A kobold zombie (D:3)
  3 rats
115 creatures vanquished.

Vanquished Creatures (others)
  7 toadstools (D:1)
7 creatures vanquished.

Grand Total: 122 creatures vanquished

Notes
Turn   | Place    | Note
-------+----------+-------------------------------------------
     0 | D:1      | Peloso the Minotaur Fighter began the quest for the Orb.
     0 | D:1      | Reached XP level 1. HP: 19/19 MP: 0/0
   123 | D:1      | Reached XP level 2. HP: 27/27 MP: 1/1
   165 | D:1      | Found a faded altar of an unknown god.
   839 | D:1      | Reached XP level 3. HP: 33/33 MP: 2/2
  1622 | D:2      | Reached skill level 3 in Long Blades
  1737 | D:2      | Reached XP level 4. HP: 36/40 MP: 3/3
  2576 | D:3      | Found a radiant altar of Vehumet.
  2723 | D:3      | Reached XP level 5. HP: 32/47 MP: 4/4
  2914 | D:3      | Found a runed translucent door.
  2914 | D:3      | Noticed a human
  3355 | D:4      | Found a staircase to the Ecumenical Temple.
  3408 | Temple   | Entered the Ecumenical Temple
  3533 | D:4      | Reached skill level 4 in Long Blades
  3533 | D:4      | Reached skill level 5 in Armour
  3843 | D:4      | Noticed an ogre
  3889 | D:4      | Killed an ogre
  3890 | D:4      | Reached XP level 6. HP: 40/53 MP: 3/5
  4038 | D:4      | Reached skill level 5 in Long Blades
  4627 | D:5      | Entered Level 5 of the Dungeon
  4732 | D:5      | Found Joyptoq's Antique Weapon Shop.
  5015 | D:5      | Reached XP level 7. HP: 58/60 MP: 6/6
  5043 | D:5      | Reached skill level 5 in Fighting
  5049 | D:5      | Reached skill level 6 in Long Blades
  5049 | D:5      | Reached skill level 1 in Dodging
  5049 | D:5      | Reached skill level 5 in Shields
  5095 | D:5      | Found an ornate altar of the Wu Jian Council.
  5374 | D:5      | Noticed Dowan
  5384 | D:5      | Reached skill level 7 in Long Blades
  5388 | D:5      | Killed Dowan
  5388 | D:5      | Noticed Duvessa
  5443 | D:4      | HP: 2/93 [orc warrior/+0 scimitar (12)]
  5444 | D:4      | Slain by an orc warrior

Illustrated notes

Levels and vault maps discovered:
D:1:      nagdon_arrival_double_spiral, layout_loops_ring,
          chequers_ecumenical_altar_grove, st_stairs_10
D:2:      minmay_chambers_of_twos, layout_basic
D:3:      layout_basic, dk_yredelemnul_ordeal,
          mainiacjoe_overflow_concentric_impassable
D:4:      nicolae_cairo_tiling_large_dashed, layout_basic,
          minmay_temple_entry_enclosed_plants, serial_glass, glass_columns_a,
          glass_columns_c, due_unseen_surprise, feat_on_display,
          item_on_display_a
D:5:      layout_basic, mainiacjoe_overflow_paths, serial_shops,
          nicolae_shop_trees, uniq_duvessa
Temple:   compressed_dpeg_circular_temple

Skill      XL: |  1  2  3  4  5  6  7 |
---------------+----------------------+-----
Armour         | 4 5 6 |  6.8
Shields        | 4 5 |  5.2
Fighting       | 4 5 |  5.9
Long Blades    | 3 4 5 7 |  7.1
Dodging        | 1 |  1.4
Stealth        | |  0.3

Action                   |  1- 3 |  4- 6 |  7- 9 || total
-------------------------+-------+-------+-------++-------
Melee: Long sword        |   100 |   158 |    67 ||   325
       Headbutt          |    13 |    34 |    10 ||    57
  Use: Scroll            |       |     2 |       ||     2
       Potion            |       |       |     2 ||     2
Armor: Scale mail        |     4 |       |       ||     4
       Chain mail        |    58 |    80 |    38 ||   176
       Skin              |       |       |     3 ||     3
Dodge: Dodged            |    38 |    51 |    16 ||   105
Block: Buckler           |    23 |    54 |    23 ||   100
